 Dungeon Crawl Stone Soup version 0.29-a0-341-g24ffce5b50 (webtiles) character file.

Game seed: 445214534398567478

10659 chopper the Cleaver (level 11, -1/99 HPs)
             Began as a Deep Dwarf Fighter on Apr 21, 2022.
             Was a Priest of Qazlal.
             Slain by an orc warrior
             ... wielding a +0 long sword
             ... led by an orc warlord
              (6 damage)
             ... on level 9 of the Dungeon.
             The game lasted 01:29:28 (11305 turns).

chopper the Cleaver (Deep Dwarf Fighter)           Turns: 11305, Time: 01:29:28

Health: -1/99      AC: 32    Str: 21    XL:     11   Next: 39%
Magic:  3/3        EV:  7    Int: 13    God:    Qazlal [***...]
Gold:   535        SH: 10    Dex: 14    Spells: 10/10 levels left

rFire   + . .      SeeInvis .   a - +4 war axe
rCold   + . .      Faith    .   c - +0 buckler
rNeg    . . .      Spirit   .   Z - +10 plate armour of Beloved the Leaf {Drain Int+3}
rPois   .          Reflect  .   M - +0 helmet
rElec   .          Harm     .   i - scarf {rC+ rF+}
rCorr   .          Rampage  .   f - +0 pair of gloves
Will    ++...                   F - +0 pair of boots
Stlth   ..........              K - amulet of the acrobat
HPRegen 0.00/turn               p - +4 ring of protection
MPRegen 0.08/turn               j - ring of willpower

@: no status effects
A: damage resistance, heal wounds, sense surroundings 2, no regeneration
a: Heal Wounds, Renounce Religion, Upheaval, Elemental Force


You were on level 9 of the Dungeon.
You worshipped Qazlal.
Qazlal was most pleased with you.
You visited 3 branches of the dungeon, and saw 13 of its levels.

You collected 587 gold pieces.
You spent 52 gold pieces at shops.

Inventory:

Hand Weapons
 a - a +4 war axe (weapon)
 e - a +2 hunting sling of freezing
 g - a +2 vorpal spear
 n - a +4 scimitar of flaming
 C - a +4 dagger
 J - a +2 dagger of protection
 L - the +7 rapier of Eternal Harmony {drain, rElec rF+ Int+4}
   (You found it on level 7 of the Dungeon)

   A truly terrible weapon, it drains the life of any living foe it strikes.
   Int:       It affects your intelligence (+4).
   rF:        It protects you from fire.
   rElec:     It insulates you from electricity.
 N - a +3 fustibalus
 S - a +5 battleaxe
Missiles
 T - a boomerang (quivered)
 W - a javelin
Armour
 c - a +0 buckler (worn)
 f - a +0 pair of gloves (worn)
 i - a scarf of resistance (worn)
 l - a scarf of invisibility
 F - a +0 pair of boots (worn)
 M - a +0 helmet (worn)
 Z - the +10 plate armour of Beloved the Leaf (worn) {Drain Int+3}
   (You found it on level 10 of the Dungeon)

   Int:       It affects your intelligence (+3).
   Drain:     It drains your maximum health when unequipped.
Jewellery
 j - a ring of willpower (right hand)
 p - a +4 ring of protection (left hand)
 r - a ring of fire
 K - an amulet of the acrobat (around neck)
Wands
 d - a wand of polymorph (11)
 m - a wand of digging (2)
 I - a wand of flame (7)
 O - a wand of paralysis (4)
 R - a wand of charming (4)
 U - a wand of acid (2)
Scrolls
 h - 4 scrolls of immolation
 o - 3 scrolls of blinking
 q - 4 scrolls of magic mapping
 s - 5 scrolls of teleportation
 t - 2 scrolls of vulnerability {unknown}
 w - 3 scrolls of fear
 x - 2 scrolls of brand weapon {unknown}
 y - 3 scrolls of summoning {unknown}
 D - a scroll of enchant armour {unknown}
 G - 2 scrolls of amnesia {unknown}
 H - a scroll of fog {unknown}
 X - a scroll of acquirement {unknown}
 Y - 2 scrolls of noise {unknown}
Potions
 k - 9 potions of curing
 u - a potion of berserk rage {unknown}
 v - 3 potions of flight
 z - a potion of haste {unknown}
 A - 2 potions of brilliance {unknown}
 B - 5 potions of mutation {unknown}
 E - 2 potions of lignification {unknown}
Miscellaneous
 P - a piece from Xom's chessboard (14/15)


   Skills:
 + Level 6.6 Fighting
 + Level 11.8(12.3) Axes
 + Level 4.8(8.0) Polearms
 + Level 2.6 Throwing
 + Level 9.9 Armour
 + Level 1.7 Dodging
 + Level 2.1 Stealth
 + Level 8.3 Shields
 + Level 3.1 Evocations


You had 10 spell levels left.
You didn't know any spells.
Your spell library contained the following spells:

 Spells                   Type           Power      Damage    Failure   Level
 Freeze                   Ice            0%         1d3       99%         1
 Pain                     Necr           0%         1d4       99%         1
 Ensorcelled Hibernation  Hex/Ice        0%         N/A       100%        2
 Frozen Ramparts          Ice            0%         1d2       100%        3
 Spider Form              Tmut/Pois      0%         N/A       100%        3
 Stone Arrow              Conj/Erth      0%         3d7       100%        3
 Anguish                  Hex/Necr       0%         N/A       100%        4
 Animate Armour           Summ/Erth      0%         N/A       100%        4
 Flame Wave               Conj/Fire      0%         2d4       100%        4
 Hailstorm                Conj/Ice       0%         3d3       100%        4
 Iskenderun's Mystic Bla  Conj/Tloc      0%         2d3       100%        4
 Agony                    Necr           0%         N/A       100%        5
 Excruciating Wounds      Necr           0%         N/A       100%        5
 Summon Forest            Summ/Tloc      0%         N/A       100%        5
 Conjure Ball Lightning   Conj/Air       0%         3x3d6     100%        6
 Lehudib's Crystal Spear  Conj/Erth      0%         10d2      100%        8


Dungeon Overview and Level Annotations

Branches:
Dungeon (10/15)            Temple (1/1) D:7             Orc (2/2) D:9
   Lair: D:8-11         Elf: Orc:2

Altars:
Ashenzari
Cheibriados
Dithmenos
Elyvilon
Fedhas
Gozag
Hepliaklqana
Kikubaaqudgha
Makhleb
Nemelex Xobeh
Okawaru
Qazlal
Ru
Sif Muna
Trog
Uskayaw
Vehumet
Wu Jian
Xom
Yredelemnul
Zin
The Shining One

Shops:
D:5 *   D:9 *   D:10 (

Annotations:
D:8 3 transporters


Innate Abilities, Weirdness & Mutations

You are resistant to damage.
You can heal yourself by infusing magical energy.
You passively map the area around you.
You do not regenerate.


Message History

The orc warrior barely misses you.
The orc warlord hits you with a +0 great sword!
Aiming: Corrosive Bolt
Press: ? - help, Shift-Dir - straight line, f/p - orc warlord
Aim: an orc warlord, wielding a +0 great sword and wearing a +0 plate armour (moderately wounded, 84% to hit)
The bolt of acid misses the orc warlord.
The orc warrior hits you but does no damage.
The orc warrior hits you with a +0 scimitar!
The orc warlord hits you with a +0 great sword.
Aiming: Corrosive Bolt
Press: ? - help, Shift-Dir - straight line, f/p - orc warlord
Aim: an orc warlord, wielding a +0 great sword and wearing a +0 plate armour (moderately wounded, 84% to hit)
The bolt of acid hits the orc warlord!
The acid corrodes the orc warlord!
The orc warlord is moderately wounded.
You block the orc warrior's attack.
The orc warrior hits you with a +0 scimitar!
* * * LOW HITPOINT WARNING * * *
The orc warlord hits you but does no damage.
Okay, then.
You make a move on Xom's chessboard...
The orc warlord seems to slow down.
The orc warrior hits you with a +0 long sword!
* * * LOW HITPOINT WARNING * * *
The orc warrior hits you but does no damage.
You hit the orc warlord.
The orc warlord is moderately wounded.
You barely miss the orc warrior. x2
The orc warlord is engulfed in blazing flames.
The orc warlord hits you with a +0 great sword.
You block the orc warrior's attack.
The orc warrior hits you but does no damage.
You hit the orc warlord.
The orc warlord is heavily wounded.
You hit the orc warrior but do no damage.
You slash the orc warrior!
The orc warlord is engulfed in blazing flames.
The orc warlord hits you with a +0 great sword!
* * * LOW HITPOINT WARNING * * *
You block the orc warrior's attack.
The orc warrior hits you with a +0 long sword!
You die...

#............####### #
#............##....# #
#............##...[####
#####........[.............
#.)....................#...
#.......#...........)..#...
#########...#.#####..........
#.......'..o#.##...#.[.......
##.######..)@.##...#.........
#.# #..o)o##...#......... #.#
#####.........#......... #.#
#...#........###.#...... #.#
#...#.............###### #.#
#...#....###......######
#.###...#....+..............
#...'...+....#............##
#####...##...#............##


You could see an orc warlord (slow, corroded) and 2 orc warriors.

Vanquished Creatures
  A centaur warrior (D:10)
  Erica (D:8)
  A two-headed ogre (D:9)
  Joseph (D:8)
  Psyche (D:8)
  A kobold demonologist (D:9)
  2 trolls (D:9)
  Grinder (D:3)
  2 hornets (D:8)
  13 yaks
  A shadow (D:10)
  A wyvern (D:7)
  2 steam dragons
  Menkaure (D:6)
  A water moccasin (D:8)
  7 orc warriors
  An ice beast (D:8)
  2 centaurs
  2 ogres
  3 phantoms
  14 scorpions
  4 bullfrogs
  A necrophage (D:5)
  4 wights (D:9)
  9 killer bees
  4 howler monkeys
  6 hounds
  A jelly (D:6)
  12 orc priests
  3 iguanas
  Terence (D:2)
  13 orc wizards
  A mummy (D:5)
  8 adders
  2 white imps
  7 ufetubi
  3 worms
  A dart slug (D:1)
  43 orcs
  7 endoplasms
  7 giant cockroaches
  6 goblins
  6 hobgoblins
  8 jackals
  3 kobolds
  2 quokkas (D:4)
  3 training dummies (D:10)
  5 ball pythons
  6 bats (D:1)
  2 frilled lizards (D:1)
  5 rats
  2 butterflies (D:10)
244 creatures vanquished.

Vanquished Creatures (others)
  An orc priest (D:6)
1 creature vanquished.

Grand Total: 245 creatures vanquished

Notes
Turn   | Place    | Note
-------+----------+-------------------------------------------
     0 | D:1      | chopper the Deep Dwarf Fighter began the quest for the Orb.
     0 | D:1      | Reached XP level 1. HP: 20/20 MP: 1/1
   286 | D:1      | Reached XP level 2. HP: 27/27 MP: 2/2
   677 | D:1      | Found a faded altar of an unknown god.
  1245 | D:2      | Reached skill level 3 in Axes
  1389 | D:2      | Noticed a scorpion
  1398 | D:2      | Killed a scorpion
  1399 | D:2      | Reached XP level 3. HP: 21/34 MP: 3/3
  1399 | D:2      | Reached XP level 4. HP: 26/42 MP: 4/4
  1545 | D:2      | Reached skill level 1 in Stealth
  1567 | D:2      | Noticed Terence
  1574 | D:2      | Killed Terence
  1575 | D:2      | Reached skill level 4 in Axes
  1658 | D:2      | Reached XP level 5. HP: 26/49 MP: 5/5
  1841 | D:3      | Noticed Grinder
  1855 | D:3      | Paralysed by Grinder for 4 turns
  1863 | D:3      | Paralysed by Grinder for 2 turns
  1874 | D:3      | Killed Grinder
  1875 | D:3      | Reached skill level 5 in Axes
  1875 | D:3      | Reached skill level 1 in Dodging
  1875 | D:3      | Reached XP level 6. HP: 36/56 MP: 6/6
  3040 | D:4      | Noticed an orc warrior
  3054 | D:4      | Killed an orc warrior
  3055 | D:4      | Reached skill level 6 in Axes
  3055 | D:4      | Reached skill level 1 in Throwing
  3055 | D:4      | Reached XP level 7. HP: 24/63 MP: 7/7
  3764 | D:5      | Entered Level 5 of the Dungeon
  3791 | D:4      | Reached skill level 1 in Polearms
  3805 | D:4      | Reached skill level 5 in Armour
  3913 | D:5      | Found a glowing silver altar of Zin.
  3968 | D:5      | Reached skill level 5 in Shields
  3977 | D:5      | Reached XP level 8. HP: 18/72 MP: 8/8
  4470 | D:5      | Found Wezxuyt's Assorted Antiques.
  5095 | D:6      | Noticed Menkaure
  5458 | D:6      | Killed Menkaure
  6089 | D:7      | Noticed a troll
  6106 | D:6      | Gained mutation: You passively map the area around you.
                  | [Deep Dwarf growth]
  6106 | D:6      | Reached XP level 9. HP: 70/79 MP: 7/7
  6191 | D:6      | a troll changed into a yak
  6676 | D:7      | Reached skill level 1 in Evocations
  6728 | D:7      | Found a staircase to the Ecumenical Temple.
  6751 | Temple   | Entered the Ecumenical Temple
  7198 | Temple   | Became a worshipper of Qazlal Stormbringer
  7397 | D:7      | Reached skill level 5 in Fighting
  7408 | D:7      | Identified the +7 rapier of Eternal Harmony {drain, rElec
                  | rF+ Int+4}
  7654 | D:8      | Reached skill level 7 in Axes
  7765 | D:8      | Noticed Psyche
  7773 | D:8      | Killed Psyche
  7896 | D:8      | Found an iron altar of Okawaru.
  8006 | D:8      | Found a transporter.
  8010 | D:8      | Found a transporter.
  8047 | D:8      | Found a transporter.
  8073 | D:8      | Found a transporter.
  8076 | D:8      | Noticed Joseph
  8105 | D:8      | Killed Joseph
  8106 | D:8      | Reached skill level 8 in Axes
  8109 | D:8      | Noticed Erica
  8122 | D:8      | HP: 3/81 [something/bolt of poison (33)]
  8152 | D:8      | Killed Erica
  8152 | D:8      | Reached * piety under Qazlal
  8153 | D:8      | Reached XP level 10. HP: 48/88 MP: 6/6
  8195 | D:8      | Got the Collected Works on Dislocated Confrontation
  8198 | D:8      | Found a transporter.
  8199 | D:8      | Found a transporter.
  8699 | D:9      | Reached skill level 9 in Axes
  8996 | D:9      | Paralysed by a hornet for 1 turns
  8999 | D:8      | Paralysed by a hornet for 3 turns
  9050 | D:9      | Noticed a two-headed ogre
  9063 | D:9      | Paralysed by a hornet for 3 turns
  9068 | D:9      | Paralysed by a hornet for 1 turns
  9089 | D:8      | Paralysed by a hornet for 1 turns
  9135 | D:9      | Killed a two-headed ogre
  9136 | D:9      | Reached skill level 10 in Axes
  9328 | D:9      | Found Uvagolis's Assorted Antiques.
  9491 | D:9      | Found a staircase to the Orcish Mines.
  9745 | D:10     | Entered Level 10 of the Dungeon
  9774 | D:9      | Bought a scroll of identify for 52 gold pieces
  9818 | D:10     | Found Leroatwu's Firing Range.
  9902 | D:10     | Reached ** piety under Qazlal
  9935 | D:10     | Noticed a centaur warrior
  9949 | D:10     | Killed a centaur warrior
  9950 | D:10     | Reached XP level 11. HP: 55/97 MP: 5/5
  9979 | D:10     | Reached skill level 11 in Axes
 10273 | D:10     | Found a runed translucent door.
 10275 | D:10     | Found a runed translucent door.
 10545 | D:10     | Found a hazy altar of Hepliaklqana.
 10581 | D:10     | Identified the +10 plate armour of Beloved the Leaf {Drain
                  | Int+3}
 11068 | Orc:1    | Entered Level 1 of the Orcish Mines
 11156 | Orc:1    | Reached *** piety under Qazlal
 11217 | Orc:1    | You fall into a shaft and drop 1 floor!
 11217 | Orc:2    | Entered Level 2 of the Orcish Mines
 11243 | Orc:1    | Noticed an orc warlord
 11296 | D:9      | HP: 4/99 [orc warlord/+0 great sword (1)]
 11305 | D:9      | Slain by an orc warrior

Illustrated notes

Levels and vault maps discovered:
D:1:      sevenhm_arrival_forest_fort_large_4, layout_loops_corners,
          hellmonk_ecumenical_altar_heavens_door
D:2:      layout_loops_ring, uniq_terence
D:3:      layout_basic, uniq_grinder
D:4:      kennysheep_big_flooded_room, layout_loops_ring,
          minmay_tree_intersection
D:5:      layout_loops_ring, serial_shops, shop, gup_ossuary_entry_pyramid,
          nicolae_zen_rock_garden, minmay_ruined_shrine
D:6:      layout_layer_cave, dreamdust_wishing_well, glass_columns_a,
          minivault_24, uniq_duvessa, uniq_menkaure
D:7:      layout_rooms, minmay_temple_entry_ruins,
          chequers_serial_rivers_small_3, chequers_serial_rivers_large_b
D:8:      layout_basic, okawaru_metal_pillars_3, serial_nicolae_subway,
          nicolae_sub_station_metal, nicolae_sub_station_crystal,
          nicolae_sub_station_stone, uniq_erica, uniq_psyche, uniq_joseph
D:9:      layout_basic, orc_0_dummy, serial_shops, nicolae_take_the_stairs
D:10:     lemuel_insect_pit, layout_loops_cross,
          mainiacjoe_overflow_small_starburst, nicolae_shop_firing_range
Temple:   mainiacjoe_temple_cubbyholes
Orc:1:    layout_caves, serial_shops, nicolae_shop_overgrown_old_shop,
          kennysheep_orc_chapel
Orc:2:    st_orc_town, layout_caves, gammafunk_ghost_cemetery

Skill      XL: |  1  2  3  4  5  6  7  8  9 10 11 |
---------------+----------------------------------+-----
Axes           | 3 4 5 6 8 10 11 | 11.8
Fighting       | 3 4 5 6 |  6.6
Stealth        | 1 2 |  2.1
Armour         | 4 5 7 8 9 |  9.9
Dodging        | 1 |  1.7
Shields        | 4 5 6 7 8 |  8.3
Throwing       | 1 2 |  2.6
Polearms       | 2 4 |  4.8
Evocations     | 2 3 |  3.1

Action                   |  1- 3 |  4- 6 |  7- 9 | 10-12 || total
-------------------------+-------+-------+-------+-------++-------
Melee: War axe           |    73 |   121 |   114 |   289 ||   597
       Spear             |       |       |   374 |       ||   374
Throw: Boomerang         |       |    18 |    60 |       ||    78
       Throwing net      |       |       |       |     1 ||     1
 Abil: Heal Wounds       |       |     1 |    30 |    14 ||    45
Evoke: Wand              |       |       |    10 |    22 ||    32
       Piece from Xom's  |       |       |       |     1 ||     1
  Use: Scroll            |       |     3 |     7 |     4 ||    14
       Potion            |       |     2 |     1 |     3 ||     6
 Stab: Held in net/web   |       |       |       |     1 ||     1
Armor: Scale mail        |    51 |     5 |       |       ||    56
       Chain mail        |       |    10 |       |       ||    10
       Plate armour      |       |    92 |   489 |   219 ||   800
Dodge: Dodged            |    42 |    44 |   193 |   103 ||   382
Block: Buckler           |    25 |    33 |   172 |   151 ||   381

Table legend: (Time is in decaauts)
 A = Elapsed time spent in this place.
 B = Non-inter-level travel time spent in this place.
 C = Inter-level travel time spent in this place.
 D = Time resting spent in this place.
 E = Time spent auto-exploring this place.
 F = Levels seen in this place.
 G = Mean time per level.
                   A        B        C        D        E       F      G
               +--------+--------+--------+--------+--------+-----+--------+
         Total |  11414 |  11414 |      0 |      0 |      0 |  13 |  878.0 |
       Dungeon |  10739 |  10739 |      0 |      0 |      0 |  10 | 1073.9 |
        Temple |    479 |    479 |      0 |      0 |      0 |   1 |  479.0 |
  Orcish Mines |    195 |    195 |      0 |      0 |      0 |   2 |   97.5 |
               +--------+--------+--------+--------+--------+-----+--------+

Top non-repeatable levels by time:
     D:6: 1422 daAuts
    D:10: 1235 daAuts
     D:9: 1231 daAuts
     D:5: 1213 daAuts
     D:3: 1094 daAuts
     D:8: 1053 daAuts
     D:1: 1039 daAuts
     D:4: 980 daAuts
     D:2: 785 daAuts
     D:7: 682 daAuts
  Temple: 479 daAuts
   Orc:1: 172 daAuts
   Orc:2: 22 daAuts
